 Dungeon Crawl Stone Soup version 0.29-a0-330-g52719c12eb (webtiles) character file.

Game seed: 13832036510734048757

2076 kae the Thaumaturge (level 9, -9/45 HPs)
             Began as a Deep Elf Fire Elementalist on May 1, 2022.
             Was an Initiate of Ashenzari.
             Mangled by an orc warrior
             ... wielding a +2 scimitar of freezing
              (16 damage)
             ... on level 7 of the Dungeon.
             The game lasted 00:04:33 (7334 turns).

kae the Thaumaturge (Deep Elf Fire Elementalist)    Turns: 7334, Time: 00:04:34

Health: -9/45      AC:  6    Str:  5    XL:     9   Next: 6%
Magic:  15/33      EV: 12    Int: 25    God:    Ashenzari [......]
Gold:   411        SH:  0    Dex: 15    Spells: 14/27 levels left

rFire   + + .      SeeInvis .   (no weapon)
rCold   + . .      Faith    .   (no shield)
rNeg    . . .      Spirit   .   r - +2 robe {Will+}
rPois   +          Reflect  .   (no helmet)
rElec   +          Harm     .   (no cloak)
rCorr   +          Rampage  .   h - +0 pair of gloves
Will    +....                   m - +0 pair of boots
Stlth   ++........              (no amulet)
HPRegen 0.15/turn               k - ring of protection from fire
MPRegen 0.23/turn               c - ring of magical power

@: resistant
A: no striking features
a: Renounce Religion, Curse Item


You were on level 7 of the Dungeon.
You worshipped Ashenzari.
Ashenzari was noncommittal.
You visited 2 branches of the dungeon, and saw 8 of its levels.

You collected 411 gold pieces.

Inventory:

Armour
 h - a +0 pair of gloves (worn)
 m - a +0 pair of boots (worn)
 r - a +2 robe of willpower (worn)
Jewellery
 c - a ring of magical power (right hand)
 i - a ring of poison resistance
 k - a ring of protection from fire (left hand)
 n - a ring of protection from cold
 u - a ring of ice
 w - a ring of protection from cold
 z - a ring of flight
Wands
 q - a wand of iceblast (12)
 y - a wand of flame (12)
Scrolls
 l - 2 scrolls of teleportation
 t - a scroll of fog
 x - a scroll of identify
Potions
 a - 2 potions of degeneration
 b - a potion of magic
 e - 4 potions of brilliance
 f - 3 potions of might
 g - a potion of attraction {unknown}
 j - 4 potions of curing {unknown}
 o - a potion of lignification {unknown}
 p - a potion of cancellation {unknown}
 s - a potion of ambrosia {unknown}
 v - a potion of flight {unknown}


   Skills:
 - Level 2.4 Dodging
 - Level 2.4 Stealth
 + Level 9.5 Spellcasting
 + Level 7.4 Conjurations
 + Level 8.3 Fire Magic


You had 14 spell levels left.
You knew the following spells:

 Your Spells              Type           Power      Damage    Failure   Level
a - Foxfire               Conj/Fire      100%       2x1d9     1%          1
b - Scorch                Fire           100%       2d10      1%          2
c - Conjure Flame         Conj/Fire      51%        6-21      1%          3
d - Inner Flame           Hex/Fire       32%        N/A       2%          3
e - Flame Wave            Conj/Fire      51%        2d10      1%          4

Your spell library contained the following spells:

 Spells                   Type           Power      Damage    Failure   Level
 Magic Dart               Conj           100%       1d8       1%          1
 Searing Ray              Conj           98%        2d8       1%          2
 Mephitic Cloud           Conj/Pois/Air  24%        N/A       5%          3
 Call Imp                 Summ           11%        N/A       8%          2
 Corpse Rot               Necr/Air       22%        N/A       8%          2
 Fulminant Prism          Conj/Hex       15%        3d11      11%         4
 Iskenderun's Mystic Bla  Conj/Tloc      30%        2d8       11%         4
 Call Canine Familiar     Summ           11%        N/A       16%         3
 Portal Projectile        Hex/Tloc       22%        N/A       16%         3
 Dispel Undead            Necr           11%        3d9       45%         4
 Leda's Liquefaction      Hex/Erth       5%         N/A       45%         4
 Lee's Rapid Deconstruct  Erth           5%         3d7*      82%         5
 Death Channel            Necr           5%         N/A       100%        6


Dungeon Overview and Level Annotations

Branches:
Dungeon (7/15)             Temple (1/1) D:6

Altars:
Ashenzari
Cheibriados
Dithmenos
Elyvilon
Fedhas
Gozag
Hepliaklqana
Kikubaaqudgha
Makhleb
Okawaru
Qazlal
Ru
Sif Muna
Trog
Uskayaw
Vehumet
Wu Jian
Xom
Yredelemnul
Zin
The Shining One

Annotations:
D:2 Natasha
D:6 2 transporters, Aelig's ghost, novice KoEn


Message History

Your experience leads to an increase in your attributes!
Increase (S)trength, (I)ntelligence, or (D)exterity?
You feel clever. x2
A wave of flame ripples out!
The flame wave engulfs the centaur!
The centaur is almost dead.
The flame wave engulfs the white imp!
The white imp is burned terribly!
The white imp is almost dead.
The flame wave engulfs the orc.
The orc is severely wounded.
You finish channelling waves of flame.
You feel sick.
You are no longer poisoned.
The centaur shoots an arrow.
The arrow closely misses you.
Casting: Flame Wave (dangerous; 1% risk of failure)
Confirm with . or Enter, or press ? or * to list all spells.
Casting: Flame Wave (dangerous; 1% risk of failure)
Press: ? - help, Dir - look around, f - activate A wave of flame ripples out!
The flame wave engulfs the centaur!
You kill the centaur! (Press . to intensify the flame waves.)
A wave of flame ripples out!
The flame wave engulfs the orc warrior!
The orc warrior is moderately wounded.
The orc warrior hits you with a +2 scimitar of freezing!
The orc warrior freezes you.
A wave of flame ripples out!
The flame wave engulfs the orc warrior.
The orc warrior is heavily wounded.
The flame wave engulfs the white imp!!
The white imp is burned terribly!
You kill the white imp!
The flame wave engulfs the yak!
The yak is moderately wounded.
You feel a bit more experienced.
You finish channelling waves of flame.
You hear an angry growl.
The orc warrior hits you with a +2 scimitar of freezing!
* * * LOW HITPOINT WARNING * * *
The orc warrior freezes you.
* * * LOW HITPOINT WARNING * * *
Okay, then.
It was a potion of resistance.
You feel protected.
The orc warrior hits you with a +2 scimitar of freezing!
You die...

##.###.#.## .......#.#
#. #####..#.### #.
#####......## #.
.......#....###.## #'
##........#......# #...
##.....##...###..##...#.
#.....###.......oY.....
#<.............@##.
#.....###..####.# ##.#.#
#<.# #.# #.#.# #).# #.#
####.#.# #..# #.#
.....#.# #..# #.# #
###..#.###..## #.# #.
.............# #.# ..
.....#.#.###.###.#####
.#


You could see a yak and an orc warrior.

Vanquished Creatures
  A water moccasin (D:6)
  2 ice beasts (D:6)
  4 sky beasts
  A black bear (D:6)
  An ogre (D:5)
  2 centaurs (D:7)
  A kobold brigand (D:7)
  A phantom (D:5)
  2 bullfrogs
  4 wights (D:6)
  3 hounds (D:5)
  3 orc priests
  A jelly (D:6)
  3 iguanas
  4 orc wizards (D:6)
  10 adders
  4 white imps (D:7)
  A worm (D:3)
  6 dart slugs
  14 orcs
  3 bats
  6 endoplasms
  4 giant cockroaches
  8 goblins
  9 hobgoblins
  8 jackals
  5 quokkas
  7 ball pythons
  6 frilled lizards
  6 kobolds
  6 rats
136 creatures vanquished.

Vanquished Creatures (others)
  410 foxfires
410 creatures vanquished.

Grand Total: 546 creatures vanquished

Notes
Turn   | Place    | Note
-------+----------+-------------------------------------------
     0 | D:1      | kae the Deep Elf Fire Elementalist began the quest for the
                  | Orb.
     0 | D:1      | Reached XP level 1. HP: 10/10 MP: 6/6
   645 | D:1      | Reached XP level 2. HP: 15/15 MP: 6/8
   648 | D:1      | Learned a level 2 spell: Scorch
  1350 | D:2      | Reached XP level 3. HP: 14/19 MP: 1/10
  1562 | D:2      | Learned a level 3 spell: Conjure Flame
  1806 | D:2      | Reached skill level 4 in Spellcasting
  2069 | D:2      | Noticed Natasha
  2075 | D:2      | Found an ornate altar of the Wu Jian Council.
  2162 | D:2      | Reached XP level 4. HP: 24/24 MP: 7/12
  3521 | D:4      | Learned a level 3 spell: Inner Flame
  3680 | D:4      | Reached XP level 5. HP: 28/28 MP: 9/14
  3855 | D:4      | Reached skill level 5 in Spellcasting
  3882 | D:4      | Learned a level 4 spell: Flame Wave
  4244 | D:5      | Entered Level 5 of the Dungeon
  4291 | D:5      | Noticed a phantom
  4298 | D:5      | Killed a phantom
  4299 | D:5      | Reached skill level 5 in Fire Magic
  4337 | D:5      | Reached XP level 6. HP: 32/32 MP: 16/16
  4481 | D:5      | Noticed a sky beast
  4490 | D:5      | Killed a sky beast
  4491 | D:5      | Reached skill level 6 in Spellcasting
  4725 | D:5      | Noticed a sky beast
  4732 | D:5      | Killed a sky beast
  4733 | D:5      | Reached XP level 7. HP: 28/36 MP: 18/18
  5060 | D:5      | Reached skill level 5 in Conjurations
  5262 | D:6      | Reached skill level 7 in Spellcasting
  5331 | D:6      | Found a staircase to the Ecumenical Temple.
  5446 | Temple   | Entered the Ecumenical Temple
  5526 | Temple   | Became a worshipper of Ashenzari the Shackled
  5721 | D:6      | Found a transporter.
  5721 | D:6      | Found a transporter.
  5721 | D:6      | Noticed Aelig's ghost (novice KoEn)
  5757 | D:6      | Reached XP level 8. HP: 41/41 MP: 21/21
  5769 | D:6      | Reached skill level 8 in Spellcasting
  6956 | D:7      | Reached skill level 9 in Spellcasting
  7330 | D:7      | Reached XP level 9. HP: 37/45 MP: 21/24
  7334 | D:7      | Mangled by an orc warrior

Illustrated notes

Levels and vault maps discovered:
D:1:      minmay_arrival_four_loops, layout_basic
D:2:      layout_loops_ring, basic_altar, chequers_serial_rivers_small_3,
          kennysheep_generic_room_5, uniq_natasha
D:3:      layout_rooms, st_stairs_8, minivault_11
D:4:      layout_basic, hex_large, kennysheep_generic_room_10
D:5:      layout_basic, st_stairs_10
D:6:      layout_basic, temple_pool_b, gammafunk_ghost_arena
D:7:      layout_loops_ring, minmay_fractal_squares_diagonal_5, uniq_joseph
Temple:   grunt_wide_crystal_templ

Skill      XL: |  1  2  3  4  5  6  7  8 |
---------------+-------------------------+-----
Conjurations   | 2 3 4 5 7 |  7.4
Spellcasting   | 4 5 6 7 9 |  9.5
Fire Magic     | 4 5 6 8 |  8.3
Dodging        | |  2.4
Stealth        | |  2.4

Action                   |  1- 3 |  4- 6 |  7- 9 || total
-------------------------+-------+-------+-------++-------
 Cast: Foxfire           |    81 |   110 |    71 ||   262
       Scorch            |     6 |    18 |    28 ||    52
       Conjure Flame     |       |       |     6 ||     6
       Flame Wave        |       |       |     6 ||     6
  Use: Scroll            |       |    11 |     1 ||    12
       Potion            |       |       |     1 ||     1
Armor: Leather armour    |     5 |       |       ||     5
       Robe              |     2 |     3 |    15 ||    20
Dodge: Dodged            |    15 |    15 |    20 ||    50

Table legend: (Time is in decaauts)
 A = Elapsed time spent in this place.
 B = Non-inter-level travel time spent in this place.
 C = Inter-level travel time spent in this place.
 D = Time resting spent in this place.
 E = Time spent auto-exploring this place.
 F = Levels seen in this place.
 G = Mean time per level.
                   A        B        C        D        E       F      G
               +--------+--------+--------+--------+--------+-----+--------+
         Total |   7340 |   7108 |    232 |     92 |   5939 |   8 |  917.5 |
       Dungeon |   7246 |   7032 |    214 |     92 |   5880 |   7 | 1035.1 |
        Temple |     93 |     76 |     17 |      0 |     59 |   1 |   93.0 |
               +--------+--------+--------+--------+--------+-----+--------+

Top non-repeatable levels by time:
     D:6: 1510 daAuts
     D:2: 1322 daAuts
     D:1: 1212 daAuts
     D:5: 1005 daAuts
     D:4: 863 daAuts
     D:3: 846 daAuts
     D:7: 486 daAuts
  Temple: 93 daAuts
